 Dungeon Crawl Stone Soup version 0.22-a0-268-g1cc83ef (webtiles) character file.

881 neds the Covert (level 7, -6/49 HPs)
             Began as a Vampire Assassin on Mar 9, 2018.
             Mangled by an ogre
             ... wielding a +0 giant spiked club
              (32 damage)
             ... on level 5 of the Dungeon.
             The game lasted 00:27:41 (5532 turns).

neds the Covert (Vampire Assassin)                  Turns: 5532, Time: 00:27:44

Health: -6/49      AC:  0    Str: 10    XL:     7   Next: 75%
Magic:  5/7        EV: 19    Int: 14    God:
Gold:   141        SH:  0    Dex: 22    Spells: 6/6 levels left

rFire    . . .     SeeInvis +   (weapon currently unavailable)
rCold    + . .     Gourm    .   (shield currently unavailable)
rNeg     + + .     Faith    .   (armour currently unavailable)
rPois    +         Spirit   .   (helmet currently unavailable)
rElec    .         Reflect  .   (cloak currently unavailable)
rCorr    .         Harm     .   (gloves currently unavailable)
MR       .....                  (boots currently unavailable)
Stlth    +++++++...             s - amulet of rage
HPRegen  0.08/turn              (ring currently unavailable)
MPRegen  0.10/turn              (ring currently unavailable)

@: bat-form, flying, regenerating slowly, very quick
A: tiny, fangs 3, see invisible
a: End Transformation, Evoke Berserk Rage


You were on level 5 of the Dungeon.
You were very thirsty.
You were in vampire-bat-form.
You visited 1 branch of the dungeon, and saw 5 of its levels.

You collected 141 gold pieces.

Inventory:

Hand Weapons
 a - a +2 dagger (melded)
 b - a +0 blowgun
Missiles
 e - 20 poisoned needles
 f - 2 curare-tipped needles
Armour
 c - a +0 robe (melded)
 d - a +0 cloak (melded)
 p - a +0 hat (melded)
 y - a +0 leather armour
Jewellery
 s - an amulet of rage (around neck)
Scrolls
 h - a scroll of fog {unknown}
 j - 2 scrolls of amnesia {unknown}
 k - 3 scrolls of enchant weapon {unknown}
 l - 2 scrolls of immolation {unknown}
 m - 3 scrolls of magic mapping
 n - 3 scrolls of remove curse
 o - 3 scrolls of blinking
 q - 3 scrolls of teleportation {unknown}
 r - a scroll of fear {unknown}
 w - 4 scrolls of identify
 z - a scroll of enchant armour {unknown}
 A - a scroll of random uselessness {unknown}
Potions
 g - 19 potions of blood
 i - 2 potions of heal wounds {unknown}
 t - a potion of cancellation {unknown}
 u - a potion of invisibility {unknown}
 v - 2 potions of mutation {unknown}
 x - a potion of lignification {unknown}
 B - a potion of degeneration {unknown}
 C - 3 potions of resistance {unknown}


   Skills:
 - Level 1.7 Fighting
 + Level 7.1 Short Blades
 - Level 1.5 Throwing
 - Level 1.1 Dodging
 + Level 11.1 Stealth


You had 6 spell levels left.
You didn't know any spells.

Dungeon Overview and Level Annotations

Branches:
Dungeon (5/15)
 Temple: D:4-7

Altars:
Ashenzari
Makhleb
Qazlal
Trog


Innate Abilities, Weirdness & Mutations

You heal slowly.
You have razor-sharp teeth.
You have supernaturally acute eyesight. (SInv)
((You can survive without breathing.))


Message History

You destroy the bullfrog zombie!
Found a ration.
You see here a giant cockroach corpse.
i - 2 fizzy cyan potions (gained 1) Yummy - fresh blood!
You are feeling thirsty.
You start resting.
You are feeling very thirsty.
There is a stone staircase leading up here.
An ogre comes into view. It is wielding a giant spiked club.
The ogre shouts!
The ogre hits you with a giant spiked club!!
There is a stone staircase leading up here.
You cannot raise a blood rage in your lifeless body.
You turn into a vampire bat.
Your +2 dagger melds into your body.
Your +0 cloak melds into your body.
Your +0 hat melds into your body.
Your +0 robe melds into your body.
The ogre hits you with a giant spiked club!!
Ouch! That really hurt!
You die...

#.##..##....... #.#
.###.## #.....# #.. .#
#.# #...## ### #.# .###.#
#+## ..# #.. .....# #.#
#.# #.. .##### #.# ...
#.. .# ##.## #.# #.. .#
##%..##########.# ##. .#
#.......b....##.# ## .#
######...#..#O.#.##.#
.####.†........###......#
......######<#..#..#.####
####### #.##...##.#
#.#######.# #.........#
###########


You could see an ogre.

Vanquished Creatures
  Edmund (D:4)
  A sky beast (D:5)
  An ogre (D:4)
  3 bullfrog zombies
  3 hounds
  A centaur skeleton (D:4)
  Jessica (D:2)
  Natasha (thrice) (D:3)
  Terence (D:2)
  3 worker ants (D:5)
  A hound skeleton (D:3)
  2 gnolls (D:2)
  4 adders
  An adder skeleton (D:5)
  4 worms
  A dart slug (D:2)
  6 orcs
  4 ball pythons
  6 giant cockroaches
  13 goblins
  13 hobgoblins
  2 jackals (D:1)
  8 bats
  11 frilled lizards
  11 kobolds
  A leopard gecko skeleton (D:4)
  A quokka skeleton (D:4)
  2 rats
109 creatures vanquished.

Notes
Turn   | Place    | Note
-------+----------+-------------------------------------------
     0 | D:1      | neds the Vampire Assassin began the quest for the Orb.
     0 | D:1      | Reached XP level 1. HP: 16/16 MP: 1/1
   118 | D:1      | Reached skill level 6 in Stealth
   232 | D:1      | Reached XP level 2. HP: 21/22 MP: 2/2
   678 | D:1      | Reached XP level 3. HP: 25/27 MP: 3/3
  1153 | D:2      | Reached skill level 7 in Stealth
  1163 | D:2      | Noticed Jessica
  1176 | D:2      | Killed Jessica
  1176 | D:2      | Reached XP level 4. HP: 29/33 MP: 4/4
  1270 | D:2      | Noticed Terence
  1448 | D:2      | Killed Terence
  2478 | D:2      | Reached skill level 8 in Stealth
  2478 | D:2      | Reached XP level 5. HP: 32/38 MP: 5/5
  2710 | D:3      | Noticed Natasha
  2930 | D:3      | Found a faded altar of an unknown god.
  3027 | D:3      | Killed Natasha
  3563 | D:3      | Noticed Natasha
  3576 | D:3      | Killed Natasha
  3576 | D:3      | Reached skill level 5 in Short Blades
  3703 | D:3      | Found a burning altar of Makhleb.
  3704 | D:3      | Reached XP level 6. HP: 44/44 MP: 6/6
  3705 | D:3      | Noticed Natasha
  3715 | D:3      | Killed Natasha
  3715 | D:3      | Reached skill level 9 in Stealth
  3961 | D:4      | Noticed Edmund
  3977 | D:4      | Killed Edmund
  4265 | D:4      | Reached skill level 10 in Stealth
  4265 | D:4      | Reached XP level 7. HP: 49/49 MP: 7/7
  4488 | D:5      | Entered Level 5 of the Dungeon
  4563 | D:5      | Found a shattered altar of Ashenzari.
  4564 | D:5      | Found a stormy altar of Qazlal.
  5011 | D:5      | Reached skill level 11 in Stealth
  5265 | D:5      | Found a bloodstained altar of Trog.
  5532 | D:5      | Mangled by an ogre

Vault maps used:
D:1:      dpeg_arrival_rhombi
D:2:      uniq_terence, uniq_jessica
D:3:      chequers_ecumenical_altar_simple, makhleb_heckhound_becter,
          uniq_natasha
D:4:      first_ration, uniq_edmund
D:5:      corexii_shack_village, bloody_trog,
          chequers_temple_overflow_statue_of_worship

Skill      XL: |  1  2  3  4  5  6  7 |
---------------+----------------------+-----
Stealth        | 6 7 8 10 11 | 11.1
Short Blades   | 3 4 5 6 7 |  7.1
Fighting       | |  1.7
Throwing       | |  1.5
Dodging        | |  1.1

Action                   |  1- 3 |  4- 6 |  7- 9 || total
-------------------------+-------+-------+-------++-------
Melee: Dagger            |    92 |   192 |    84 ||   368
       Bite              |     6 |    22 |    10 ||    38
 Abil: Bat Form          |       |     2 |     1 ||     3
       End Transformatio |       |     2 |       ||     2
  Use: Potion            |       |     6 |     2 ||     8
       Scroll            |       |     1 |     4 ||     5
 Stab: Sleeping          |    19 |    13 |    13 ||    45
       Distracted        |       |     3 |     1 ||     4
Armor: Robe              |    19 |    26 |     7 ||    52
Dodge: Dodged            |    39 |    90 |    28 ||   157

Table legend:
 A = Spawn XP
 B = Non-spawn XP
 C = Spawn XP percentage of total XP
 D = Spawn monster count
 E = Non-spawn monster count
 F = Spawn count percentage of total count
 G = Total turns spent on level
                    A         B        C        D         E        F      G
               +---------+---------+-------+---------+---------+-------+---------
         Total |       0 |    1259 |   0.0 |       0 |     109 |   0.0 |  5532
               +---------+---------+-------+---------+---------+-------+---------
           D:1 |       0 |      56 |   0.0 |       0 |      30 |   0.0 |  1520
           D:2 |       0 |     150 |   0.0 |       0 |      27 |   0.0 |  1494
           D:3 |       0 |     214 |   0.0 |       0 |      21 |   0.0 |   902
           D:4 |       0 |     384 |   0.0 |       0 |       8 |   0.0 |   572
           D:5 |       0 |     455 |   0.0 |       0 |      23 |   0.0 |  1044
               +---------+---------+-------+---------+---------+-------+---------
